AoeStats
← Grafenstein

Hideout

509357113Analyzed
1v1 RM · 6d ago on Sep 26, 2026· 53m 27s· 2 players
Game mode
Random Map
Map size
Tiny (2 player)
Population
200
Speed
Normal
Resources
Standard
Victory
Conquest
Starting age
Dark Age
Ending age
Imperial Age
RankedLock teamsTeams togetherTeam positionsShared explorationLock speedFull tech treeHidden civsTurbo modeCheats
Victory
Defeat
🇩🇪 Britons · Germany
1201
+18
🇨🇴 Saracens · Colombia
1244
-18
Grafenstein
10:55 Feudal Age
12:15 Loom
15:06 Castle Age
13:10 Double-Bit Axe
13:07 Horse Collar
15:43 Fletching
23:37 Bodkin Arrow
24:39 Elite Skirmisher
25:31 Padded Archer Armor
26:50 Leather Archer Armor
33:21 Pikeman
35:33 Bow Saw
35:28 Heavy Plow
39:58 Imperial Age
38:04 Wheelbarrow
37:18 Town Watch
38:02 Scale Mail Armor
37:49 Treadmill Crane
39:49 Forging
39:55 Chain Mail Armor
39:42 Squires
39:28 Arson
39:37 Stone Mining
39:40 Gold Mining
41:46 Chemistry
40:39 Halberdier
42:45 Hand Cart
43:06 Conscription
42:54 Bracer
45:07 Yeomen
45:55 Siege Engineers
45:21 Elite Longbowman
45:32 Capped Ram
48:57 Two-Man Saw
48:22 Guilds
48:44 Ring Archer Armor
48:44 Plate Mail Armor
48:50 Iron Casting
47:53 Man-at-Arms
48:18 Gambesons
49:22 Scale Barding Armor
49:35 Light Cavalry
50:17 Husbandry
49:39 Cavalier
53:34 Chain Barding Armor
ofespinelman
3:39 Loom
10:02 Feudal Age
10:39 Double-Bit Axe
12:08 Fletching
19:26 Castle Age
18:13 Loom
18:36 Gold Mining
19:56 Padded Archer Armor
19:47 Crossbowman
22:20 Thumb Ring
23:31 Bodkin Arrow
29:25 Wheelbarrow
29:23 Leather Archer Armor
37:34 Imperial Age
36:42 Bloodlines
38:24 Husbandry
37:45 Light Cavalry
39:16 Forging
39:48 Bracer
41:36 Scale Barding Armor
41:25 Elite Skirmisher
43:27 Chemistry
42:47 Ballistics
42:36 Hussar
48:05 Ring Archer Armor
Connection lost

Rejoining the realm…

Still unreachable

The connection could not be restored.

Session expired

The server has moved on; the page needs a fresh start.